 Dungeon Crawl Stone Soup version 0.28.0 (webtiles) character file.

Game seed: 3920994718789108229

302 AmazingTV the Covered (level 6, -7/55 HPs)
             Began as a Minotaur Fighter on Mar 25, 2024.
             Was an Initiate of Okawaru.
             Killed by nerve-wracking pain
             ... invoked by an orc priest
              (8 damage)
             ... on level 4 of the Dungeon.
             The game lasted 00:03:31 (2554 turns).

AmazingTV the Covered (Minotaur Fighter)            Turns: 2554, Time: 00:03:31

Health: -7/55      AC:  7    Str: 22    XL:     6   Next: 14%
Magic:  5/5        EV:  9    Int:  5    God:    Okawaru [......]
Gold:   189        SH:  4    Dex: 10    Spells: 5/5 levels left

rFire   . . .      SeeInvis .   a - +0 war axe {axe}
rCold   . . .      Faith    .   c - +0 buckler
rNeg    . . .      Spirit   .   b - +0 scale mail
rPois   .          Reflect  .   (helmet restricted)
rElec   .          Harm     .   (no cloak)
rCorr   .          Rampage  .   (no gloves)
Will    .....                   (no boots)
Stlth   ..........              (no amulet)
HPRegen 0.18/turn               (no ring)
MPRegen 0.09/turn               (no ring)

@: no status effects
A: horns 2, retaliatory headbutt
a: Renounce Religion


You were on level 4 of the Dungeon.
You worshipped Okawaru.
Okawaru was noncommittal.
You visited 1 branch of the dungeon, and saw 4 of its levels.

You collected 189 gold pieces.


Innate Abilities, Weirdness & Mutations

You have a pair of horns on your head.
You reflexively headbutt those who attack you in melee.


   Skills:
 + Level 4.9 Fighting
 + Level 4.1(4.6) Axes
 + Level 3.0(4.0) Maces & Flails
 + Level 4.9 Armour
 + Level 4.9 Shields


You had 5 spell levels left.
You didn't know any spells.
Your spell library contained the following spells:

 Spells                   Type           Power      Damage    Failure   Level
 Storm Form               Tmut/Air       0%         N/A       100%        7
 Maxwell's Capacitive Co  Air            0%         ∞         100%        8
 Summon Lightning Spire   Summ/Air       Unusable   N/A       N/A         4

Inventory:

Hand Weapons
 a - a +0 war axe (weapon) {axe}
 p - a +0 dagger of holy wrath {short}
   (You took it off a goblin on level 3 of the Dungeon)
 s - a +4 rapier {short}
   (You took it off an orc priest on level 3 of the Dungeon)
 u - a +0 whip of draining {mace}
   (You found it on level 3 of the Dungeon)
Missiles
 e - 97 stones (quivered)
 k - 44 sling bullets
 n - 9 poisoned darts
 q - 4 javelins
 w - a throwing net {=f!f}
 x - 25 arrows
Armour
 b - a +0 scale mail (worn)
 c - a +0 buckler (worn)
Scrolls
 h - 4 scrolls of identify {unknown}
 i - a scroll of enchant armour {unknown}
 j - a scroll of acquirement {unknown}
 l - a scroll of vulnerability {unknown}
 m - 2 scrolls of teleportation {unknown}
 o - a scroll of fog {unknown}
 r - a scroll of blinking {unknown}
Potions
 d - a potion of might
 f - a potion of heal wounds {unknown}
 g - 2 potions of mutation {unknown}
 t - a potion of magic {unknown}
 v - a potion of resistance {unknown}

Dungeon Overview and Level Annotations

Branches:
Dungeon (4/15)
 Temple: D:4-7

Altars:
Kikubaaqudgha
Okawaru

#......###
#.........
#.........
.........
........
#>..#.#
#...#.#
#.o@#.# #
##S##.##....
#.o.†.....#
#..o..<...#
##.###.#####
#..# [# #.##
.# #.# .#
#.# .#


You could see an orc priest, an adder and an orc.


Message History

The water moccasin skeleton bites you. 😕 HP[-6]
You take 6 damage, and now have 41/47 hp.
You slash the water moccasin skeleton!
The water moccasin skeleton bites you but does no damage.
You hit the water moccasin skeleton.
Your headbutt misses the water moccasin skeleton.
The water moccasin skeleton bites you.
The water moccasin skeleton closely misses you.
You furiously retaliate!
You headbutt the water moccasin skeleton. 😕 HP[-2]
You take 2 damage, and now have 39/47 hp.
You hit the water moccasin skeleton.
The water moccasin skeleton bites you. 😕 HP[-3]
You take 3 damage, and now have 36/47 hp.
You slash the water moccasin skeleton!
You destroy the water moccasin skeleton!
Okawaru accepts your kill.
Your Axes skill increases to level 4!
You have reached level 6! 😕 HP[+7] MP[+1]
You now have 55 max hp (+8).
You regained 7 hp, and now have 43/55 hp.
Your mp is fully restored (5).
You now have 189 gold pieces (gained 15).
Found a stone staircase leading up. 😎 HP[+12]
Your hp is fully restored (55).
A giant cockroach comes into view.
Found a stone staircase leading down.
The giant cockroach bites you but does no damage.
You slash the giant cockroach!
You kill the giant cockroach!
Okawaru accepts your kill.
An orc priest and an adder come into view.
The orc priest shouts!
The adder hisses angrily.
You hear a shout!
The orc priest invokes the aid of Beogh against you.
Beogh smites you!
You hear a shout! 😕 HP[-13]
You take 13 damage, and now have 42/55 hp.
MASSIVE DAMAGE!! (PAUSE) 😕 HP[+1]
You miss the adder. Your headbutt misses the adder.
You block the adder's attack. The adder bites you. 😮 HP[-4]
You take 4 damage, and now have 39/55 hp.
You miss the adder. The adder closely misses you. You furiously retaliate!
You headbutt the adder! You barely miss the adder.
You block the adder's attack. The adder completely misses you.
You furiously retaliate!
You headbutt the adder!
You kill the adder!
Okawaru accepts your kill.
Your base Maces & Flails skill increases to level 3!
An orc comes into view. It is wielding a +0 dagger.
You see here an adder corpse.
An adder comes into view. 😮 HP[+1]
You barely miss the orc priest.
The orc priest hits you but does no damage.
The orc priest calls down the wrath of Beogh upon you.
Pain shoots through your body! 😮 HP[-3]
You take 3 damage, and now have 37/55 hp.
You closely miss the orc priest. Your headbutt misses the orc priest.
An orc comes into view. It is wielding a +0 flail.
The orc priest hits you but does no damage.
You barely miss the orc priest.
The orc shouts!
Your headbutt misses the orc priest. You closely miss the adder.
You hear a shout!
The adder bites you. The orc priest barely misses you. You furiously retaliate!
You headbutt the orc priest.
The adder bites you but does no damage. 😮 HP[-1]
You take 1 damage, and now have 36/55 hp.
You slash the orc priest! You closely miss the adder. The adder bites you.
The orc priest invokes the aid of Beogh against you.
Beogh smites you!
* * * LOW HITPOINT WARNING * * *
😨 HP[-11]
You take 11 damage, and now have 25/55 hp.
You barely miss the orc priest. You barely miss the adder.
The adder barely misses you.
The orc priest calls down the wrath of Beogh upon you.
Beogh smites you!
* * * LOW HITPOINT WARNING * * *
The adder barely misses you. You furiously retaliate!
You headbutt the adder. The orc hits you with a +0 dagger.
* * * LOW HITPOINT WARNING * * *
The orc priest calls down the wrath of Beogh upon you.
Beogh smites you!
* * * LOW HITPOINT WARNING * * *
😱 HP[-24]
You take 24 damage, and now have 1/55 hp.
MASSIVE DAMAGE!! (PAUSE)
The orc priest calls down the wrath of Beogh upon you.
Pain shoots through your body!
You die...

Skill      XL: |  1  2  3  4  5  6 |
---------------+-------------------+-----
Fighting       | 4 |  4.9
Axes           | 3 4 |  4.1
Maces & Flails | 1 2 3 |  3.0
Armour         | 4 |  4.9
Shields        | 4 |  4.9

Action                   |  1- 3 |  4- 6 || total
-------------------------+-------+-------++-------
Melee: War axe           |    50 |    76 ||   126
       Headbutt          |     5 |     8 ||    13
Armor: Scale mail        |    23 |    39 ||    62
Dodge: Dodged            |    25 |    32 ||    57
Block: Buckler           |    12 |    13 ||    25

Levels and vault maps discovered:
D:1:      dpeg_arrival_arbitrary_b, layout_basic, chequers_serial_rivers_micro_c
D:2:      layout_loops_cross
D:3:      layout_basic, kennysheep_vampire_church, okawaru_altar_gauntlet_db
D:4:      layout_loops_ring, lemuel_coloured_pillars_altar,
          kennysheep_little_box, nicolae_ru_sacrificial_ziggurat

Notes
Turn   | Place    | Note
-------+----------+-------------------------------------------
     0 | D:1      | AmazingTV the Minotaur Fighter began the quest for the Orb.
     0 | D:1      | Reached XP level 1. HP: 19/19 MP: 0/0
     0 | D:1      | magus.rc [v1.9.6]
   310 | D:1      | Reached XP level 2. HP: 27/27 MP: 1/1
   784 | D:2      | Reached skill level 4 in Fighting
   784 | D:2      | Reached skill level 3 in Axes
   784 | D:2      | Reached skill level 1 in Maces & Flails
   784 | D:2      | Reached skill level 4 in Armour
   784 | D:2      | Reached skill level 4 in Shields
   784 | D:2      | Reached XP level 3. HP: 33/33 MP: 2/2
  1136 | D:2      | Reached XP level 4. HP: 40/40 MP: 3/3
  1370 | D:2      | You pick up a book of the Sky and begin reading...
  1370 | D:2      | You add the spells Summon Lightning Spire, Storm Form and
                  | Maxwell's Capacitive Coupling to your library.
  1573 | D:3      | Reached skill level 2 in Maces & Flails
  1657 | D:3      | Found an iron altar of Okawaru.
  1673 | D:3      | Became a worshipper of Warmaster Okawaru
  1758 | D:3      | Found an ancient bone altar of Kikubaaqudgha.
  1761 | D:3      | Reached XP level 5. HP: 45/47 MP: 4/4
  2416 | D:4      | Reached skill level 4 in Axes
  2416 | D:4      | Reached XP level 6. HP: 43/55 MP: 5/5
  2546 | D:4      | Reached skill level 3 in Maces & Flails
  2553 | D:4      | HP: 11/55 [orc (3)]
  2553 | D:4      | HP: 1/55 [orc priest/divine providence (10)]
  2554 | D:4      | Killed from afar by an orc priest

Vanquished Creatures
  A water moccasin skeleton (D:4)
  2 vampire bats (D:3)
  An orc priest (D:3)
  An iguana (D:2)
  4 adders
  A gnoll (D:3)
  An adder skeleton (D:4)
  2 worms
  3 dart slugs
  3 orcs (D:3)
  2 bats
  4 bat skeletons (D:3)
  A bat zombie (D:3)
  An endoplasm (D:2)
  3 giant cockroaches
  6 goblins
  5 hobgoblins
  2 jackals (D:2)
  3 quokkas
  3 ball pythons
  A frilled lizard (D:1)
  4 kobolds
  5 rats
59 creatures vanquished.

Table legend:
 A = Non-vault XP
 B = Vault XP
 C = Vault XP percentage of total XP
 D = Non-vault monster count
 E = Vault monster count
 F = Vault count percentage of total count
                 A         B        C        D         E       F
            +---------+---------+-------+---------+---------+-------
      Total |     284 |     148 |  34.3 |      46 |      13 |  22.0
            +---------+---------+-------+---------+---------+-------
        D:1 |      19 |       0 |   0.0 |      11 |       0 |   0.0
        D:2 |      95 |       0 |   0.0 |      16 |       0 |   0.0
        D:3 |      83 |     148 |  64.1 |      15 |      13 |  46.4
        D:4 |      87 |       0 |   0.0 |       4 |       0 |   0.0
            +---------+---------+-------+---------+---------+-------

Illustrated notes

Table legend:
 A = Kills in this place as a percentage of kills in entire the game.
 B = Kills by you in this place as a percentage of kills by you in the entire game.
 C = Kills by friends in this place as a percentage of kills by friends in the entire game.
 D = Other kills in this place as a percentage of other kills in the entire game.
 E = Experience gained in this place as a percentage of experience gained in the entire game.
 F = Experience gained in this place divided by the number of levels of this place that you have seen.
                   A       B       C       D       E      F
               +-------+-------+-------+-------+-------+----------------------
         Total | 100.0 | 100.0 |   N/A |   N/A | 100.0 | 108.0
       Dungeon | 100.0 | 100.0 |   N/A |   N/A | 100.0 | 108.0
               +-------+-------+-------+-------+-------+----------------------

Table legend: (Time is in decaauts)
 A = Elapsed time spent in this place.
 B = Non-inter-level travel time spent in this place.
 C = Inter-level travel time spent in this place.
 D = Time resting spent in this place.
 E = Time spent auto-exploring this place.
 F = Levels seen in this place.
 G = Mean time per level.
                   A        B        C        D        E       F      G
               +--------+--------+--------+--------+--------+-----+--------+
         Total |   2599 |   2475 |    124 |    220 |   1909 |   4 |  649.8 |
       Dungeon |   2599 |   2475 |    124 |    220 |   1909 |   4 |  649.8 |
               +--------+--------+--------+--------+--------+-----+--------+

Top non-repeatable levels by time:
     D:3: 869 daAuts
     D:1: 778 daAuts
     D:2: 735 daAuts
     D:4: 215 daAuts
